 Dungeon Crawl Stone Soup version 0.29-a0-830-gcb1280458a (webtiles) character file.

Game seed: 18087585445592817632

15 blackman the Charlatan (level 2, 17/21 HPs)
             Began as a Demonspawn Artificer on July 11, 2022.
             Was a Follower of Sif Muna.
             Quit the game on level 1 of the Dungeon on July 12, 2022.
             The game lasted 00:02:27 (558 turns).

blackman the Charlatan (Demonspawn Artificer)        Turns: 558, Time: 00:02:28

Health: 17/21      AC:  3    Str: 12    XL:     2   Next: 34%
Magic:  2/2        EV: 11    Int: 12    God:    Sif Muna [*.....]
Gold:   57         SH:  0    Dex: 13    Spells: 1/1 levels left

rFire   . . .      SeeInvis .   f - +3 mace
rCold   . . .      Faith    .   (no shield)
rNeg    . . .      Spirit   .   b - +0 leather armour
rPois   .          Reflect  .   (no helmet)
rElec   .          Harm     .   (no cloak)
rCorr   .          Rampage  .   (no gloves)
Will    .....                   (no boots)
Stlth   +.........              (no amulet)
HPRegen 0.07/turn               (no ring)
MPRegen 0.16/turn               (no ring)

@: no status effects
A: magic regeneration
a: Renounce Religion, Channel Magic


You were on level 1 of the Dungeon.
You worshipped Sif Muna.
Sif Muna was aware of your devotion.
You visited 1 branch of the dungeon, and saw 1 of its levels.

You collected 57 gold pieces.

Inventory:

Hand Weapons
 a - a +0 club
 f - a +3 mace (weapon)
Armour
 b - a +0 leather armour (worn)
 h - a +0 pair of boots
Wands
 c - a wand of flame (15) (quivered)
 d - a wand of charming (15)
 e - a wand of iceblast (9)
Potions
 g - a potion of resistance {unknown}


   Skills:
 - Level 1.0 Fighting
 - Level 1.7 Armour
 - Level 0.8 Dodging
 - Level 0.8 Stealth
 + Level 3.8 Evocations


You had one spell level left.
You didn't know any spells.
Your spell library was empty.

Dungeon Overview and Level Annotations

Branches:
Dungeon (1/15)

Altars:
Sif Muna


Innate Abilities, Weirdness & Mutations

You regenerate magic rapidly.


Message History

You hit the quokka.
You kill the quokka!
Sif Muna accepts your kill. The hobgoblin misses you. x2
You hit the hobgoblin.
The hobgoblin is severely wounded.
The hobgoblin hits you.
You closely miss the hobgoblin.
The hobgoblin is severely wounded.
The hobgoblin barely misses you. x2
You sock the hobgoblin!
You kill the hobgoblin!
Sif Muna accepts your kill.
No target in view!
No target in view!
No target in view!
No target in view!
No target in view!
No target in view!
No target in view!
No target in view!
No target in view!
No target in view!
No target in view!
No target in view!
No target in view!
No target in view!
No target in view!
Are you sure you want to abandon this character and quit the game? (Confirm with "yes".)
Okay, then.
Welcome back, blackman the Demonspawn Artificer.
Sif Muna whispers: I know many secrets...
Press ? for a list of commands and other information.
Welcome back, blackman the Demonspawn Artificer.
Sif Muna whispers: I know many secrets...
Press ? for a list of commands and other information.
Welcome back, blackman the Demonspawn Artificer.
Sif Muna whispers: I know many secrets...
Press ? for a list of commands and other information.
Are you sure you want to abandon this character and quit the game? (Confirm with "yes".)

#..........##..##
#+#######..........##...##
........#.####'######.....
........'.# #.# ###..#
........### #.# ##.#
........# #.# #.#
........######+## #..
#######.........# .#.
#..@†.....+ . .
#.††......# . .
#.........# #.........#
#.........# #.........#
#.........# #.........#


There were no monsters in sight!

Vanquished Creatures
  A dart slug (D:1)
  2 ball pythons (D:1)
  A bat (D:1)
  An endoplasm (D:1)
  A giant cockroach (D:1)
  A goblin (D:1)
  A hobgoblin (D:1)
  2 quokkas (D:1)
  A frilled lizard (D:1)
11 creatures vanquished.

Notes
Turn   | Place    | Note
-------+----------+-------------------------------------------
     0 | D:1      | blackman the Demonspawn Artificer began the quest for the
                  | Orb.
     0 | D:1      | Reached XP level 1. HP: 15/15 MP: 1/1
   412 | D:1      | Gained mutation: You regenerate magic rapidly. [demonic
                  | ancestry]
   412 | D:1      | Reached XP level 2. HP: 20/21 MP: 2/2
   464 | D:1      | Found a faded altar of an unknown god.
   509 | D:1      | Prayed at the altar of an unknown god.
   509 | D:1      | Became a worshipper of Sif Muna the Loreminder
   509 | D:1      | Reached * piety under Sif Muna
   558 | D:1      | Quit the game

Illustrated notes

Levels and vault maps discovered:
D:1:      dpeg_arrival_houses_and_road, layout_basic,
          shapermc_ecumenical_altar_mp_urbaneastern

Action                   || total
-------------------------++-------
Melee: Club              ||    17
       Mace              ||    12
       Punch             ||     1
 Stab: Sleeping          ||     1
Armor: Leather armour    ||     8
Dodge: Dodged            ||    19

Table legend: (Time is in decaauts)
 A = Elapsed time spent in this place.
 B = Non-inter-level travel time spent in this place.
 C = Inter-level travel time spent in this place.
 D = Time resting spent in this place.
 E = Time spent auto-exploring this place.
 F = Levels seen in this place.
 G = Mean time per level.
                   A        B        C        D        E       F      G
               +--------+--------+--------+--------+--------+-----+--------+
         Total |    567 |    533 |     34 |      0 |    461 |   1 |  567.0 |
       Dungeon |    567 |    533 |     34 |      0 |    461 |   1 |  567.0 |
               +--------+--------+--------+--------+--------+-----+--------+

Top non-repeatable levels by time:
     D:1: 567 daAuts
